 Dungeon Crawl Stone Soup version 0.18.1-5-g4a78601 (webtiles) character file.

137 Geppetto the Slasher (level 5, -11/41 HPs)
             Began as a Formicid Fighter on May 11, 2016.
             Killed from afar by Northaan's ghost (16 damage)
             ... with a stone arrow
             ... on level 3 of the Dungeon.
             The game lasted 00:18:43 (2599 turns).

Geppetto the Slasher (Formicid Fighter)             Turns: 2599, Time: 00:18:44

Health: -11/41     AC:  6    Str: 22    XL:     5   Next: 44%
Magic:  5/5        EV:  8    Int:  7    God:
Gold:   52         SH:  9    Dex: 10    Spells: 0 memorised, 4 levels left

rFire  . . .     SeeInvis +     a - +0 long sword
rCold  . . .     Gourm    .     b - +0 scale mail
rNeg   . . .     Faith    .     c - +0 shield
rPois  .         Spirit   .     (helmet unavailable)
rElec  .         Dismiss  .     (no cloak)
rCorr  .         Reflect  .     (no gloves)
SustAt .         Harm     .     (no boots)
MR     .....                    (no amulet)
Stlth  ..........               (no ring)
                                (no ring)

@: not resistant to hostile enchantments, extremely unstealthy
A: permanent stasis, dig shafts and tunnels, four strong arms, antennae 3
a: Dig, Shaft Self


You were on level 3 of the Dungeon.
You were not hungry.

You visited 1 branch of the dungeon, and saw 3 of its levels.

You collected 52 gold pieces.

Inventory:

Hand Weapons
 a - a +0 long sword (weapon)
Missiles
 l - 3 exploding tomahawks (quivered)
Armour
 b - a +0 scale mail (worn)
 c - a +0 shield (worn)
Scrolls
 e - a scroll of remove curse
 h - a scroll of fog {unknown}
 m - a scroll of enchant armour {unknown}
Potions
 d - 3 potions of might
 g - 2 potions of magic
 n - a potion of curing
 o - a potion of cancellation
Comestibles
 f - 4 bread rations
 i - 2 fruits
 j - a meat ration
 k - a beef jerky


   Skills:
 - Level 3.3 Fighting
 + Level 5.0 Long Blades
 - Level 3.5 Armour
 - Level 3.6 Shields


You had 4 spell levels left.
You didn't know any spells.

Dungeon Overview and Level Annotations

Branches:
Dungeon (3/15)

Altars:
Dithmenos

Annotations:
D:3 Northaan's ghost, amateur GrEE


Innate Abilities, Weirdness & Mutations

You are under a permanent stasis effect.
You can dig through walls and to a lower floor.
Your four strong arms can wield two-handed weapons with a shield.
You have a pair of large antennae on your head (SInv).


Message History

Northaan's ghost is moderately damaged.
Northaan's ghost hits you but does no damage.
You miss Northaan's ghost.
Northaan's ghost is moderately damaged.
Northaan's ghost hits you.
You hit Northaan's ghost.
Northaan's ghost is heavily damaged.
Northaan's ghost hits you. Northaan's ghost barely misses you.
You hit Northaan's ghost but do no damage.
Northaan's ghost is moderately damaged.
Northaan's ghost closely misses you.
You barely miss Northaan's ghost.
Northaan's ghost is moderately damaged.
Northaan's ghost hits you. Northaan's ghost casts a spell at you.
The stone arrow hits you!
* * * LOW HITPOINT WARNING * * *
Northaan's ghost gestures at you while chanting.
The stone arrow hits you!
You die...

###...# ### .....# #..
###..)#############..
#...>.##.W..........# .#
#.....<######.....#
...#.#...#### #.)....
...>.....###########....
.#.#..####...........##.
.......@..W####....####.
.............##....###..
###...####.......>.##...
##.. ##..##......... #..
###..#....###..
####..###........>###.#
..........###[..####..#
o......#### ###......##
.....#. #####..#


You could see Northaan's ghost.

Vanquished Creatures
  5 adders
  An ooze (D:2)
  A worm (D:3)
  4 dart slugs
  3 orcs (D:3)
  5 bats
  6 giant cockroaches
  8 goblins
  11 hobgoblins
  5 jackals (D:1)
  9 kobolds
  A quokka (D:2)
  A ball python (D:2)
  2 giant newts (D:2)
  9 rats
71 creatures vanquished.

Notes
Turn   | Place    | Note
--------------------------------------------------------------
     0 | D:1      | Geppetto the Formicid Fighter began the quest for the Orb.
     0 | D:1      | Reached XP level 1. HP: 18/18 MP: 1/1
   167 | D:1      | Reached XP level 2. HP: 24/24 MP: 2/2
   328 | D:1      | Reached skill level 3 in Long Blades
   328 | D:1      | Reached XP level 3. HP: 29/29 MP: 3/3
  1139 | D:2      | Reached XP level 4. HP: 35/35 MP: 4/4
  1210 | D:2      | Found a shadowy altar of Dithmenos.
  1488 | D:2      | Reached skill level 4 in Long Blades
  2200 | D:3      | Noticed Northaan's ghost (amateur GrEE)
  2262 | D:3      | Reached XP level 5. HP: 41/41 MP: 5/5
  2465 | D:3      | Reached skill level 5 in Long Blades
  2599 | D:3      | Killed from afar by Northaan's ghost

Skill      XL: |  1  2  3  4  5 |
---------------+----------------+-----
Long Blades    | 3 4 5 |  5.0
Fighting       | |  3.3
Armour         | |  3.5
Shields        | |  3.6

Action                   |  1- 3 |  4- 6 || total
-------------------------+-------+-------++-------
Melee: Long sword        |   150 |   159 ||   309
Throw: Tomahawk          |       |     1 ||     1
 Abil: Dig               |       |     1 ||     1
  Use: Scroll            |     4 |     2 ||     6
       Potion            |       |     1 ||     1
  Eat: Chunk             |     1 |     5 ||     6
Armor: Scale mail        |    66 |    63 ||   129
Dodge: Dodged            |    41 |    55 ||    96
Block: Shield            |    79 |    81 ||   160
